 Dungeon Crawl Stone Soup version 0.31.0-9-g3a7656b989 (webtiles) character file.

Game seed: 13231248670645332366

50 qw the Shooter (level 3, 0/18 HPs)
             Began as a Spriggan Hunter on Feb 2, 2024.
             Succumbed to their own poison gas
             ... on level 2 of the Dungeon.
             The game lasted 00:00:04 (1050 turns).

qw the Shooter (Spriggan Hunter)                    Turns: 1050, Time: 00:00:05

Health: 0/18       AC:  2    Str:  7    XL:     3   Next: 55%
Magic:  4/4        EV: 24    Int: 10    God:
Gold:   89         SH:  0    Dex: 20    Spells: 2/2 levels left

rFire   . . .        a - +0 shortbow
rCold   . . .        (shield currently unavailable)
rNeg    . . .        c - +0 robe
rPois   .            (helmet restricted)
rElec   .            (no cloak)
rCorr   .            (gloves unavailable)
SInv    +            (boots unavailable)
Will    .....        (no amulet)
Stlth   ++           g - +5 ring of evasion
HPRegen 0.23/turn    (no ring)
MPRegen 0.09/turn

%: no passive effects
@: lethally poisoned (0 -> -3), very quick
A: very small, no large weapons, unfitting armour, see invisible, speed 3
a: no special abilities


You were on level 2 of the Dungeon.
You visited 1 branch of the dungeon, and saw 2 of its levels.

You collected 148 gold pieces.
You spent 59 gold pieces at shops.


Innate Abilities, Weirdness & Mutations

You are very small and have problems with some larger weapons.
You are too small for most types of armour.
You have supernaturally acute eyesight. (SInv)
You cover ground extremely quickly. (Speed+++)


   Skills:
 - Level 1.5 Fighting
 + Level 4.7 Ranged Weapons
 - Level 4.2 Dodging
 - Level 1.5 Stealth


You had 2 spell levels left.
You didn't know any spells.
Your spell library was empty.

Inventory:

Hand Weapons
 a - a +0 shortbow (weapon)
Armour
 c - a +0 robe (worn)
Jewellery
 g - a +5 ring of evasion (left hand)
Potions
 e - a potion of haste {unknown}

Dungeon Overview and Level Annotations

Branches:
Dungeon (2/15)

Altars:

Shops:
D:1 !   D:2 *


Message History

Done exploring.
1039 ||| DROPPING potion of degeneration.
You drop a potion of degeneration.
Done exploring.
What level of the Dungeon? (default 2, ? - help) Sorry, I don't know how to get there.
Enter note:
Enter note:
Enter note:
Enter note:
Enter note:
Enter note:
Enter note:
Enter note:
Enter note: You are engulfed in poison gas.
You are lethally poisoned!
You feel very sick.
1041 ||| Stepping ~*~*~tactically~*~*~ (cloud).
You feel sick.
You see here a potion of degeneration.
1042 ||| DRINKING potion of curing.
You feel better.
1042 ||| (to cure poison)
You are engulfed in poison gas.
You are poisoned.
You feel very sick.
1044 ||| Stepping ~*~*~tactically~*~*~ (cloud).
You feel sick.
You see here a potion of degeneration.
There is a lethal amount of poison in your body!
You feel sick.
There is a lethal amount of poison in your body!
You feel very sick.
There is a lethal amount of poison in your body!
You feel sick.
There is a lethal amount of poison in your body!
You feel sick.
There is a lethal amount of poison in your body!
You feel sick.
There is a lethal amount of poison in your body!
You die...

#..........# #....
#..........# #....
#)########># #....
#[#......#.## #....
#.#.~~~~.'..####....
#.#......#..........
###############...##
##¤# ##..## #@0#
##... #0## #.## #0#
#.## #.# ##... ##¤#
#...# ##00# ##.#..
#.¤## ###(.... #.##
##....### #.#
#######..##.#


There were no monsters in sight!

Vanquished Creatures
  An adder (D:2)
  3 dart slugs
  5 endoplasms
  A giant cockroach (D:2)
  5 goblins
  8 hobgoblins
  A quokka (D:2)
  2 bats (D:2)
  3 frilled lizards (D:2)
  A kobold (D:2)
  2 rats (D:2)
32 creatures vanquished.

Notes
Turn   | Place    | Note
-------+----------+-------------------------------------------
     0 | D:1      | qw the Spriggan Hunter began the quest for the Orb.
     0 | D:1      | Reached XP level 1. HP: 10/10 MP: 2/2
     0 | D:1      | 0 ||| qw: Version: 0.3-a-155-g5e7d8dd
     0 | D:1      | 0 ||| qw: Game counter: 758
     0 | D:1      | 0 ||| qw: Melee chars always use a shield: true
     0 | D:1      | 0 ||| qw: God list: Okawaru
     0 | D:1      | 0 ||| qw: Allow faded altars: false
     0 | D:1      | 0 ||| qw: Do Orc after clearing Dungeon:15 true
     0 | D:1      | 0 ||| qw: Do second Lair branch before Depths: true
     0 | D:1      | 0 ||| qw: Lair rune preference: random
     0 | D:1      | 0 ||| qw: Goals: Normal
     0 | D:1      | 0 ||| PLANNING D:1-11
    62 | D:1      | Reached skill level 3 in Dodging
   306 | D:1      | Found Icextesu's Distillery.
   317 | D:1      | 317 ||| SHOPLISTING 2 potions of haste (220 gold, have 69).
   317 | D:1      | 317 ||| SHOPLISTING 2 potions of resistance (220 gold, have
                  | 69).
   317 | D:1      | 317 ||| SHOPLISTING potion of cancellation (88 gold, have
                  | 69).
   317 | D:1      | 317 ||| BUYING potion of curing (33 gold).
   317 | D:1      | Bought a potion of curing for 33 gold pieces
   317 | D:1      | 317 ||| SHOPLISTING potion of mutation (88 gold, have 36).
   317 | D:1      | 317 ||| SHOPLISTING potion of resistance (110 gold, have
                  | 36).
   454 | D:1      | 454 ||| UPGRADING to +5 ring of evasion.
   455 | D:1      | 455 ||| READING scroll labelled ALADI DAUZUSA.
   456 | D:1      | 456 ||| READING scroll labelled ASSORO NOMYSS.
   456 | D:1      | 456 ||| IDENTIFYING cyan potion
   457 | D:1      | 457 ||| DROPPING scroll of butterflies.
   506 | D:2      | Reached XP level 2. HP: 14/14 MP: 3/3
   523 | D:2      | 523 ||| FLEEEEING.
   527 | D:2      | 527 ||| FLEEEEING.
   528 | D:2      | 528 ||| FLEEEEING.
   529 | D:2      | 529 ||| FLEEEEING.
   530 | D:2      | 530 ||| FLEEEEING.
   531 | D:2      | 531 ||| FLEEEEING.
   681 | D:2      | Reached XP level 3. HP: 18/18 MP: 4/4
   703 | D:2      | Found Neboabuba's General Store.
   711 | D:2      | 711 ||| BUYING scroll of identify (26 gold).
   711 | D:2      | Bought a scroll of identify for 26 gold pieces
   761 | D:2      | Identified the +0 whip of Classification {elec, MP+9 Int+2}
   818 | D:2      | HP: 4/18 [goblin/+0 dagger (3)]
   819 | D:2      | 819 ||| DRINKING potion of heal wounds.
   948 | D:2      | 948 ||| FLEEEEING.
  1037 | D:2      | 1037 ||| READING scroll of identify.
  1037 | D:2      | 1037 ||| IDENTIFYING fizzy black potion
  1038 | D:2      | 1038 ||| READING scroll labelled HYIBBU ISHRUCZI.
  1039 | D:2      | 1039 ||| DROPPING potion of degeneration.
  1041 | D:2      | 1041 ||| Stepping ~*~*~tactically~*~*~ (cloud).
  1042 | D:2      | 1042 ||| DRINKING potion of curing.
  1042 | D:2      | 1042 ||| (to cure poison)
  1044 | D:2      | 1044 ||| Stepping ~*~*~tactically~*~*~ (cloud).
  1046 | D:2      | HP: 4/18 [poisoned by you (poison gas)]
  1049 | D:2      | HP: 1/18 [poisoned by you (poison gas)]
  1050 | D:2      | Succumbed to their own poison gas

Levels and vault maps discovered:
D:1:      nzn_arrival_settlement, layout_rooms, serial_shops, shop, minivault_26
D:2:      layout_rooms, serial_shops, nicolae_shop_gibbet_a_chance,
          dk_vineyard_2, minmay_goblin_kobold_house

Skill      XL: |  1 |
---------------+----+-----
Dodging        | 4 |  4.2
Fighting       | |  1.5
Ranged Weapons | |  4.7
Stealth        | |  1.5

Action                     || total
---------------------------++-------
   Fire: Shortbow          ||    90
    Use: Scroll            ||     4
         Potion            ||     2
 Armour: Robe              ||    20
  Dodge: Dodged            ||    36

Table legend:
 A = Non-vault XP
 B = Vault XP
 C = Vault XP percentage of total XP
 D = Non-vault monster count
 E = Vault monster count
 F = Vault count percentage of total count
                 A         B        C        D         E       F
            +---------+---------+-------+---------+---------+-------
      Total |      56 |      16 |  22.2 |      24 |       8 |  25.0
            +---------+---------+-------+---------+---------+-------
        D:1 |      11 |       0 |   0.0 |       5 |       0 |   0.0
        D:2 |      45 |      16 |  26.2 |      19 |       8 |  29.6
            +---------+---------+-------+---------+---------+-------
